 Dungeon Sprint DCSS version 0.22-a0-480-g991dd4b2b4 (webtiles) character file.

71 Fallony the Charmwright (level 4, -6/39 HPs)
             Began as a Gnoll Skald on June 15, 2018.
             Was an Initiate of Cheibriados.
             Mangled by an orc warrior
             ... wielding a +0 war axe
              (11 damage)
             ... in the Dungeon (Sprint IX: "|||||||||||||||||||||||||||||").
             The game lasted 00:01:55 (307 turns).

Fallony the Charmwright (Gnoll Skald)                Turns: 307, Time: 00:01:56

Health: -6/39      AC:  5    Str: 15    XL:     4   Next: 24%
Magic:  11/11      EV: 17    Int: 17    God:    Cheibriados [......]
Gold:   0          SH:  0    Dex: 15    Spells: 13/14 levels left

rFire    x . .     SeeInvis .   m - +2 rapier "Woc Zunt" {pierce, rF- rC+++ Stlth+}
rCold    + + +     Gourm    .   (no shield)
rNeg     . . .     Faith    .   b - +0 leather armour
rPois    .         Spirit   .   (no helmet)
rElec    .         Reflect  .   (no cloak)
rCorr    .         Harm     .   (no gloves)
MR       .....     NoTele   +   (no boots)
Stlth    +++.......             (no amulet)
HPRegen  0.13/turn              p - +2 ring of evasion
MPRegen  0.12/turn              q - +2 ring of protection

@: very slightly contaminated, invisible, very slow
A: distributed training, fangs 1, strong nose
a: Bend Time, Renounce Religion


You were in the Dungeon.
You worshipped Cheibriados.
Cheibriados was noncommittal.
You were not hungry.

You visited 1 branch

Inventory:

Hand Weapons
 a - a +0 mace
 m - the +2 rapier "Woc Zunt" (weapon) {pierce, rF- rC+++ Stlth+}
   (You found it in the Dungeon)

   It inflicts extra damage upon your enemies.
   It makes you vulnerable to fire.
   It renders you almost immune to cold.
   It makes you more stealthy.
Armour
 b - a +0 leather armour (worn)
 n - a +0 pair of boots
 o - a +0 plate armour
Jewellery
 p - a +2 ring of evasion (left hand)
 q - a +2 ring of protection (right hand)
Wands
 l - a wand of iceblast (10)
Scrolls
 i - 3 scrolls of remove curse
 j - 2 scrolls of blinking
 k - 2 scrolls of amnesia
Potions
 e - 5 potions of curing
 f - 3 potions of heal wounds
 g - a potion of haste
 h - 4 potions of magic
Comestibles
 d - a ration


   Skills:
 + Level 5.2 Fighting
 + Level 2.5 Short Blades
 + Level 2.5 Long Blades
 + Level 2.5 Axes
 + Level 5.2 Maces & Flails
 + Level 2.5 Polearms
 + Level 2.5 Staves
 + Level 2.5 Slings
 + Level 2.5 Bows
 + Level 2.5 Crossbows
 + Level 2.5 Throwing
 + Level 3.6 Armour
 + Level 5.2 Dodging
 + Level 2.5 Stealth
 + Level 2.5 Shields
 + Level 2.5 Unarmed Combat
 + Level 5.6 Spellcasting
 + Level 2.0 Conjurations
 + Level 2.0 Hexes
 + Level 5.8 Charms
 + Level 2.0 Summonings
 + Level 2.0 Necromancy
 + Level 2.0 Translocations
 + Level 2.0 Transmutations
 + Level 2.0 Fire Magic
 + Level 2.0 Ice Magic
 + Level 2.0 Air Magic
 + Level 2.0 Earth Magic
 + Level 2.0 Poison Magic
 + Level 2.7 Invocations
 + Level 2.5 Evocations


You had 13 spell levels left.
You knew the following spells:

 Your Spells              Type           Power        Failure   Level  Hunger
a - Infusion              Chrm           ###.         1%          1    None

Your spell library contained the following spells:

 Spells                   Type           Power        Failure   Level  Hunger
 Regeneration             Chrm/Necr      ###.......   10%         3    ##.....
 Shroud of Golubria       Chrm/Tloc      ###.......   4%          2    #......
 Song of Slaying          Chrm           ###.....     2%          2    #......
 Spectral Weapon          Hex/Chrm       ###.....     10%         3    ##.....


Dungeon Overview and Level Annotations

Branches:
Dungeon (1/1)

Altars:
Cheibriados
Dithmenos
Elyvilon
Fedhas
Gozag
Hepliaklqana
Kikubaaqudgha
Makhleb
Nemelex Xobeh
Okawaru
Qazlal
Ru
Sif Muna
Trog
Uskayaw
Vehumet
Wu Jian
Xom
Yredelemnul
Zin
The Shining One
Beogh
Jiyva
Lugonu


Innate Abilities, Weirdness & Mutations

Your experience applies equally to all skills.
You have very sharp teeth.
Your uncanny sense of smell can sniff out nearby items.


Message History

The orc warrior is heavily wounded.
You hit the orc warrior but do no damage.
The orc warrior is heavily wounded.
The orc warrior closely misses you.
You hit the orc warrior.
The orc warrior is severely wounded.
The orc warrior misses you.
You closely miss the orc warrior.
You bite the orc warrior, but do no damage.
The orc warrior is severely wounded.
The orc warrior hits you with a war axe!!
* * * LOW HITPOINT WARNING * * *
You barely miss the orc warrior.
The orc warrior is severely wounded.
The orc warrior misses you.
The iguana hisses menacingly.
You hit the orc warrior but do no damage.
The orc warrior is severely wounded.
The orc warrior hits you with a war axe!
You die...

∆ ∆ ∆∆∆∆
▓▓▓▓▓▓▓▓▓▓▓▓▓▓▓▓▓▓▓▓▓▓▓▓
..5lJzo@...[)|..'_______
▓▓▓▓▓▓▓▓▓▓▓▓▓▓▓▓▓▓▓▓▓▓▓▓


You could see an orc warrior, an iguana, a jelly, a wight and a crimson imp.

Vanquished Creatures
  A jelly (D)
  A worker ant (D)
  An adder zombie (D)
  A leopard gecko (D)
  An orc (D)
  3 giant cockroaches (D)
  A bat (D)
  A frilled lizard (D)
  A kobold (D)
11 creatures vanquished.

Notes
Turn   | Place    | Note
-------+----------+-------------------------------------------
     0 | D        | Fallony the Gnoll Skald began the quest for the Orb.
     0 | D        | Reached XP level 1. HP: 20/20 MP: 6/6
    15 | D        | Reached skill level 5 in Spellcasting
    20 | D        | Reached skill level 1 in Invocations
    85 | D        | Noticed a worker ant
    85 | D        | Noticed a jelly
    90 | D        | Reached skill level 1 in Short Blades
    90 | D        | Reached skill level 1 in Long Blades
    90 | D        | Reached skill level 1 in Axes
    90 | D        | Reached skill level 1 in Polearms
    90 | D        | Reached skill level 1 in Staves
    90 | D        | Reached skill level 1 in Slings
    90 | D        | Reached skill level 1 in Bows
    90 | D        | Reached skill level 1 in Crossbows
    90 | D        | Reached skill level 1 in Throwing
    90 | D        | Reached skill level 1 in Stealth
    90 | D        | Reached skill level 1 in Shields
    90 | D        | Reached skill level 1 in Unarmed Combat
    90 | D        | Reached skill level 1 in Evocations
    90 | D        | Reached XP level 2. HP: 26/26 MP: 8/8
    91 | D        | Reached skill level 5 in Fighting
    91 | D        | Reached skill level 5 in Maces & Flails
    91 | D        | Reached skill level 5 in Dodging
    91 | D        | Reached skill level 1 in Conjurations
    91 | D        | Reached skill level 1 in Hexes
    91 | D        | Reached skill level 1 in Summonings
    91 | D        | Reached skill level 1 in Necromancy
    91 | D        | Reached skill level 1 in Translocations
    91 | D        | Reached skill level 1 in Transmutations
    91 | D        | Reached skill level 1 in Fire Magic
    91 | D        | Reached skill level 1 in Ice Magic
    91 | D        | Reached skill level 1 in Air Magic
    91 | D        | Reached skill level 1 in Earth Magic
    91 | D        | Reached skill level 1 in Poison Magic
    91 | D        | Reached XP level 3. HP: 33/33 MP: 9/9
   100 | D        | Reached XP level 4. HP: 38/39 MP: 9/11
   240 | D        | Found a roughly hewn altar of Beogh.
   240 | D        | Found a snail-covered altar of Cheibriados.
   240 | D        | Found a shadowy altar of Dithmenos.
   240 | D        | Found a white marble altar of Elyvilon.
   240 | D        | Found a blossoming altar of Fedhas.
   240 | D        | Found an opulent altar of Gozag.
   241 | D        | Found a hazy altar of Hepliaklqana.
   242 | D        | Found a viscous altar of Jiyva.
   243 | D        | Found an ancient bone altar of Kikubaaqudgha.
   244 | D        | Became a worshipper of Cheibriados the Contemplative
   245 | D        | Found a corrupted altar of Lugonu.
   246 | D        | Found a burning altar of Makhleb.
   247 | D        | Found a sparkling altar of Nemelex Xobeh.
   248 | D        | Found an iron altar of Okawaru.
   249 | D        | Found a stormy altar of Qazlal.
   250 | D        | Found a sacrificial altar of Ru.
   251 | D        | Found a deep blue altar of Sif Muna.
   252 | D        | Found a bloodstained altar of Trog.
   253 | D        | Found a hide-covered altar of Uskayaw.
   254 | D        | Found a radiant altar of Vehumet.
   255 | D        | Found an ornate altar of the Wu Jian Council.
   256 | D        | Found a shimmering altar of Xom.
   257 | D        | Found a basalt altar of Yredelemnul.
   258 | D        | Found a glowing silver altar of Zin.
   259 | D        | Found a glowing golden altar of the Shining One.
   276 | D        | Got the +2 rapier "Woc Zunt" {pierce, rF- rC+++ Stlth+}
   289 | D        | Noticed an orc warrior
   307 | D        | Mangled by an orc warrior

Vault maps used:
D:        linesprint

Skill      XL: |  1  2  3 |
---------------+----------+-----
Spellcasting   | 5 |  5.6
Invocations    | 1 2 |  2.7
Short Blades   | 1 2 |  2.5
Long Blades    | 1 2 |  2.5
Axes           | 1 2 |  2.5
Polearms       | 1 2 |  2.5
Staves         | 1 2 |  2.5
Slings         | 1 2 |  2.5
Bows           | 1 2 |  2.5
Crossbows      | 1 2 |  2.5
Throwing       | 1 2 |  2.5
Stealth        | 1 2 |  2.5
Shields        | 1 2 |  2.5
Unarmed Combat | 1 2 |  2.5
Evocations     | 1 2 |  2.5
Fighting       | 5 |  5.2
Maces & Flails | 5 |  5.2
Armour         | 3 |  3.6
Dodging        | 5 |  5.2
Conjurations   | 1 2 |  2.0
Hexes          | 1 2 |  2.0
Summonings     | 1 2 |  2.0
Necromancy     | 1 2 |  2.0
Translocations | 1 2 |  2.0
Transmutations | 1 2 |  2.0
Fire Magic     | 1 2 |  2.0
Ice Magic      | 1 2 |  2.0
Air Magic      | 1 2 |  2.0
Earth Magic    | 1 2 |  2.0
Poison Magic   | 1 2 |  2.0
Charms         | |  5.8

Action                   |  1- 3 |  4- 6 || total
-------------------------+-------+-------++-------
Melee: Mace              |    27 |       ||    27
       Bite              |     3 |     4 ||     7
       Rapier            |       |    17 ||    17
  Use: Potion            |     1 |     1 ||     2
 Stab: Sleeping          |     1 |       ||     1
       Invisible         |       |     2 ||     2
Armor: Leather armour    |     5 |     2 ||     7
Dodge: Dodged            |    13 |     9 ||    22

Table legend:
 A = Spawn XP
 B = Non-spawn XP
 C = Spawn XP percentage of total XP
 D = Spawn monster count
 E = Non-spawn monster count
 F = Spawn count percentage of total count
 G = Total turns spent on level
                    A         B        C        D         E        F      G
               +---------+---------+-------+---------+---------+-------+---------
         Total |       0 |     102 |   0.0 |       0 |      11 |   0.0 |   307
               +---------+---------+-------+---------+---------+-------+---------
             D |       0 |     102 |   0.0 |       0 |      11 |   0.0 |   307
               +---------+---------+-------+---------+---------+-------+---------
